 Dungeon Crawl Stone Soup version 0.28-a0-10-g964c8b829e (webtiles) character file.

Game seed: 7600487993978533845

347 dolemite99 the Cleaver (level 6, -11/51 HPs)
             Began as a Hill Orc Fighter on July 26, 2021.
             Was a Believer of Uskayaw.
             Mangled by an ogre (17 damage)
             ... on level 4 of the Dungeon.
             The game lasted 00:03:18 (3716 turns).

dolemite99 the Cleaver (Hill Orc Fighter)           Turns: 3716, Time: 00:03:19

Health: -11/51     AC:  8    Str: 21    XL:     6   Next: 59%
Magic:  6/6        EV:  7    Int:  8    God:    Uskayaw [**....]
Gold:   77         SH:  9    Dex: 10    Spells: 5/5 levels left

rFire   . . .      SeeInvis .   a - +0 war axe
rCold   . . .      Faith    .   c - +0 kite shield
rNeg    . . .      Spirit   .   u - +0 scale mail
rPois   .          Reflect  .   (no helmet)
rElec   .          Harm     .   t - +0 cloak
rCorr   .          Rampage  .   (no gloves)
Will    .....                   (no boots)
Stlth   ..........              (no amulet)
HPRegen 0.17/turn               (no ring)
MPRegen 0.10/turn               (no ring)

@: no status effects
A: no striking features
a: Renounce Religion, Stomp, Line Pass


You were on level 4 of the Dungeon.
You worshipped Uskayaw.
Uskayaw was noncommittal.
You visited 1 branch of the dungeon, and saw 4 of its levels.
You also visited: Sewer.

You collected 143 gold pieces.
You spent 66 gold pieces at shops.

Inventory:

Hand Weapons
 a - a +0 war axe (weapon)
 b - a +0 hunting sling
Missiles
 e - 67 stones (quivered)
 h - 5 javelins
 l - 37 bolts
 n - 20 sling bullets
 x - 27 arrows
Armour
 c - a +0 kite shield (worn)
 t - a +0 cloak (worn)
 u - a +0 scale mail (worn)
Jewellery
 k - an amulet of reflection
Wands
 d - a wand of polymorph (6)
Scrolls
 f - a scroll of vulnerability {unknown}
 g - a scroll of fear {unknown}
 m - a scroll of immolation {unknown}
 o - 2 scrolls of fog {unknown}
 p - 2 scrolls of identify {unknown}
 q - a scroll of brand weapon {unknown}
 s - a scroll of noise {unknown}
 v - a scroll of teleportation
 w - a scroll of torment {unknown}
 y - a scroll of summoning {unknown}
Potions
 i - a potion of cancellation {unknown}
 j - a potion of invisibility
 r - a potion of lignification {unknown}
 z - a potion of magic {unknown}
 A - a potion of curing


   Skills:
 - Level 3.6 Fighting
 + Level 9.0 Axes
 - Level 3.2 Armour
 - Level 3.2 Shields


You had 5 spell levels left.
You didn't know any spells.
Your spell library was empty.

Dungeon Overview and Level Annotations

Branches:
Dungeon (3/15)              Sewer (visited)

Altars:
Uskayaw

Shops:
D:2 *

Annotations:
D:1 exclusion: door


Message History

There is a stone staircase leading down here.
A hobgoblin comes into view.
The hobgoblin shouts!
A hobgoblin is nearby!
You closely miss the hobgoblin.
The hobgoblin hits you but does no damage.
A hobgoblin is nearby!
You hit the hobgoblin.
You kill the hobgoblin!
No target in view!
No target in view!
A - a potion of curing You see here a hobgoblin corpse.
Found a stone staircase leading up.
b - a +0 hunting sling (weapon)
An ogre comes into view. It is wielding a +0 giant spiked club.
The ogre shouts!
Found a stone staircase leading up.
You shoot a sling bullet.
The sling bullet hits the ogre but does no damage.
You shoot a sling bullet. The sling bullet hits the ogre.
The ogre is lightly wounded.
You shoot a sling bullet. The sling bullet hits the ogre.
The ogre is moderately wounded.
The ogre hits you with a +0 giant spiked club!
You shoot a sling bullet.
The sling bullet barely misses the ogre.
The ogre hits you with a +0 giant spiked club!!
* * * LOW HITPOINT WARNING * * *
a - a +0 war axe (weapon)
The ogre hits you with a +0 giant spiked club!
* * * LOW HITPOINT WARNING * * *
You slash the ogre!
The ogre is severely wounded.
You block the ogre's attack.
You can now pass through a line of other dancers.
You hit the ogre but do no damage.
The ogre is severely wounded.
The ogre hits you with a +0 giant spiked club!
You die...

.# #.#
#.## ##.#
.# #.#
#.# ..
#.## ##.#
.#
##.###.##
##...##
##.## #.#
#.# #@#
.....(O.#
...<.####
...( ##.
#


You could see an ogre.

Vanquished Creatures
  Sigmund (D:2)
  Purgy (Sewer)
  3 adders
  A river rat (D:4)
  An adder skeleton (D:4)
  A dart slug (D:1)
  2 ball pythons (D:4)
  2 endoplasms
  2 giant cockroaches
  3 goblins
  8 hobgoblins
  8 jackals
  7 kobolds
  2 quokkas (D:1)
  2 bats
  3 frilled lizards
  2 rats (D:4)
49 creatures vanquished.

Vanquished Creatures (others)
  A plant (D:1)
1 creature vanquished.

Grand Total: 50 creatures vanquished

Notes
Turn   | Place    | Note
-------+----------+-------------------------------------------
     0 | D:1      | dolemite99 the Hill Orc Fighter began the quest for the
                  | Orb.
     0 | D:1      | Reached XP level 1. HP: 19/19 MP: 1/1
    11 | D:1      | Reached skill level 3 in Axes
   103 | D:1      | Reached XP level 2. HP: 13/26 MP: 2/2
   455 | D:1      | Reached skill level 4 in Axes
   827 | D:1      | Reached XP level 3. HP: 31/31 MP: 3/3
   946 | D:1      | Found a faded altar of an unknown god.
   960 | D:1      | Became a worshipper of Uskayaw the Reveller
   960 | D:1      | Reached * piety under Uskayaw
  1389 | D:2      | Reached skill level 5 in Axes
  1963 | D:2      | Found Jethreo's General Store.
  2019 | D:2      | Bought a scroll of teleportation for 33 gold pieces
  2019 | D:2      | Bought a potion of curing for 33 gold pieces
  2126 | D:2      | Noticed Sigmund
  2142 | D:2      | Reached ** piety under Uskayaw
  2151 | D:2      | Killed Sigmund
  2151 | D:2      | Reached *** piety under Uskayaw
  2152 | D:2      | Reached skill level 7 in Axes
  2152 | D:2      | Reached XP level 4. HP: 5/39 MP: 4/4
  2152 | D:2      | Reached XP level 5. HP: 6/45 MP: 5/5
  2931 | D:3      | You fall into a shaft and drop 1 floor!
  2955 | D:4      | Reached skill level 8 in Axes
  2955 | D:4      | Reached XP level 6. HP: 51/51 MP: 6/6
  2963 | D:4      | Found a glowing drain.
  2998 | Sewer    | Entered a sewer
  3111 | Sewer    | Noticed Purgy
  3153 | Sewer    | Killed Purgy
  3154 | Sewer    | Reached skill level 9 in Axes
  3716 | D:4      | Mangled by an ogre

Illustrated notes

Levels and vault maps discovered:
D:1:      dpeg_arrival_morbid_curiosity, layout_basic,
          dreamdust_ecumenical_altar_grove, minmay_fountain_box,
          hangedman_decor_clover_reticule, serial_bayou_pond_b
D:2:      layout_basic, serial_shops, shop, uniq_sigmund
D:3:      layout_basic, feat_on_display, uniq_terence, uniq_ijyb
D:4:      layout_loops_ring, minmay_temple_entry_sparse_star,
          portal_sewer_entry_a, serial_shops, shop

Skill      XL: |  1  2  3  4  5  6 |
---------------+-------------------+-----
Axes           | 3 4 7 8 9 |  9.0
Fighting       | |  3.6
Armour         | |  3.2
Shields        | |  3.2

Action                   |  1- 3 |  4- 6 || total
-------------------------+-------+-------++-------
Melee: War axe           |    87 |    83 ||   170
       Unarmed           |    13 |       ||    13
 Fire: Hunting sling     |       |     4 ||     4
Throw: Stone             |    59 |     1 ||    60
  Use: Potion            |     4 |     2 ||     6
 Stab: Paralysed         |       |     1 ||     1
Armor: Scale mail        |    54 |    80 ||   134
Dodge: Dodged            |    48 |    45 ||    93
Block: Kite shield       |    67 |    64 ||   131

Table legend: (Time is in decaauts)
 A = Elapsed time spent in this place.
 B = Non-inter-level travel time spent in this place.
 C = Inter-level travel time spent in this place.
 D = Time resting spent in this place.
 E = Time spent auto-exploring this place.
 F = Levels seen in this place.
 G = Mean time per level.
                   A        B        C        D        E       F      G
               +--------+--------+--------+--------+--------+-----+--------+
         Total |   3817 |   3787 |     30 |   1648 |   1500 |   5 |  763.4 |
       Dungeon |   3181 |   3151 |     30 |   1241 |   1363 |   4 |  795.2 |
         Sewer |    635 |    635 |      0 |    407 |    136 |   1 |  635.0 |
               +--------+--------+--------+--------+--------+-----+--------+

Top non-repeatable levels by time:
     D:2: 1487 daAuts
     D:1: 1393 daAuts
   Sewer: 635 daAuts
     D:4: 187 daAuts
     D:3: 113 daAuts
